 Dungeon Sprint DCSS version 0.21.1-1-g345015f (webtiles) character file.

65119 wojtek the Executioner (level 13, -1/137 HPs)
             Began as a Minotaur Berserker on Feb 18, 2018.
             Was the Champion of Trog.
             Slain by Nikola
             ... wielding a +2 rapier of electrocution
              (13 damage)
             ... in the Dungeon (Sprint III: "The Ten Rune Challenge").
             The game lasted 00:18:40 (6914 turns).

wojtek the Executioner (Minotaur Berserker)         Turns: 6914, Time: 00:18:41

Health: -1/137     AC: 24    Str: 26    XL:     13   Next: 56%
Magic:  0/12       EV: 16    Int:  8    God:    Trog [******]
Gold:   3010       SH:  0    Dex: 11    Spells: 12/12 levels left

rFire    . . .     SeeInvis .   F - +8 battleaxe of the Shark {chop, Int+4}
rCold    + . .     Gourm    .   (shield currently unavailable)
rNeg     + . .     Faith    .   b - +2 plate armour {rPois}
rPois    +         Spirit   +   S - +2 hat of the Bear Spirit {Spirit, +Rage rN+ MR++}
rElec    .         Reflect  .   w - scarf {Spirit}
rCorr    .         Harm     .   R - +0 pair of gloves of Space {rC+}
MR       ++...     NoTele   +   (no boots)
Stlth    ..........             (no amulet)
HPRegen  0.32/turn              (no ring)
MPRegen  0.13/turn              (no ring)

@: no status effects
A: retaliatory headbutt, horns 2
}: 2/10 runes: decaying, serpentine
a: Berserk, Trog's Hand, Brothers in Arms, Burn Spellbooks, Renounce Religion,
Evoke Berserk Rage


You were in the Dungeon.
You worshipped Trog.
Trog was exalted by your worship.
You were not hungry.

You visited 1 branch You collected 4894 gold pieces.
You spent 1884 gold pieces at shops.

Inventory:

Hand Weapons
 a - a +2 war axe of chopping
 s - a +5 antimagic broad axe
 t - a +1 battleaxe of flaming
 u - a +3 antimagic battleaxe
 x - a +2 battleaxe of flaming
 A - a +2 antimagic executioner's axe
 B - a +0 battleaxe of chopping
 C - a +3 antimagic battleaxe
 E - a +1 broad axe of freezing
 F - the +8 battleaxe of the Shark (weapon) {chop, Int+4}
   (Trog gifted it to you in the Dungeon)

   It inflicts extra damage upon your enemies.
   It affects your intelligence (+4).
 G - a +5 battleaxe of venom
 N - the +1 battleaxe of the Beginning {drain, rN+ Int+2}
   (Trog gifted it to you in the Dungeon)

   A truly terrible weapon, it drains the life of those it strikes.
   It affects your intelligence (+2).
   It protects you from negative energy.
 P - a +0 blowgun
Missiles
 v - 5 poisoned tomahawks (quivered)
 y - 4 javelins of returning
 O - 7 curare-tipped needles
Armour
 b - a +2 plate armour of poison resistance (worn)
 d - +0 ice dragon scales
 w - a scarf of spirit shield (worn)
 R - the +0 pair of gloves of Space (worn) {rC+}
   (You bought it in a shop in the Dungeon)

   It protects you from cold.
 S - the +2 hat of the Bear Spirit (worn) {Spirit, +Rage rN+ MR++}
   (You bought it in a shop in the Dungeon)

   It protects you from negative energy.
   It affects your resistance to hostile enchantments.
   It lets you go berserk.
Jewellery
 I - a +2 ring of strength {unknown}
 M - an uncursed amulet of regeneration {unknown}
Wands
 L - a wand of acid (9)
Scrolls
 i - a scroll of blinking
 l - a scroll of immolation {unknown}
 m - 6 scrolls of remove curse
 o - a scroll of holy word {unknown}
 p - 4 scrolls of identify
 J - 2 scrolls of fear {unknown}
Potions
 e - a potion of heal wounds
 f - 3 potions of haste
 g - 2 potions of magic
 h - a potion of berserk rage
 j - a potion of might
 k - 6 potions of mutation
 n - 2 potions of invisibility {unknown}
 q - 2 potions of flight
 z - a potion of lignification {unknown}
 D - a potion of ambrosia {unknown}
 K - 2 potions of curing
Miscellaneous
 r - a fan of gales
 H - a fan of gales
Comestibles
 c - 15 rations


   Skills:
 + Level 19.0 Fighting
 * Level 25.0 Axes
 + Level 18.9 Armour
 + Level 17.6 Dodging


You had 12 spell levels left.
You didn't know any spells.

Dungeon Overview and Level Annotations

Branches:
Dungeon (1/1)

Altars:
Cheibriados
Dithmenos
Elyvilon
Fedhas
Gozag
Hepliaklqana
Kikubaaqudgha
Makhleb
Nemelex Xobeh
Okawaru
Qazlal
Ru
Sif Muna
Trog
Uskayaw
Vehumet
Wu Jian
Xom
Yredelemnul
Zin
The Shining One
Beogh
Jiyva
Lugonu

Shops:
D ?(}[![}[!![:?!!*%=*([}[

Annotations:
D exclusion: 2 oklob plants, Nikola


Innate Abilities, Weirdness & Mutations

You reflexively headbutt those who attack you in melee.
You have a pair of horns on your head.


Message History

You hit the storm dragon but do no damage.
The storm dragon is almost dead.
The storm dragon breathes lightning at you.
The bolt of lightning hits you! x2
* * * LOW HITPOINT WARNING * * *
The bolt of lightning hits the storm dragon.
The storm dragon completely resists.
Blink to where?
Press: ? - help, Dir - move target cursor You can't see that place. [a metal wall.]
Okay, then.
The storm dragon roars deafeningly!
Your stone giant goes berserk!
You feel somewhat more hungry.
The storm dragon bites you but does no damage.
The storm dragon misses you.
The storm dragon tramples you but does no damage.
Nikola hits you but does no damage.
You are electrocuted!
You die...

#∩∩#.≈≈.#######+###▓
#PP#..≈.#..+≈⌠...;@▓
+..+..≈≈'..#≈≈.≈.;D▓
#..#≈≈≈.#..#.;.;.;.▓
#..#....#..#...;...▓
#..####'#######'##
#.. #.#.#.#C#.#.#
+.. #.#.#.#.#@#D#.#
#..#.#.#.#.#.#@#.#.▓
#######▓▓▓▓▓▓▓▓▓▓▓▓▓


You could see Nikola, a storm dragon and a friendly stone giant (berserk).

Vanquished Creatures
  Rupert (D)
  Gastronok (D)
  Dowan (D)
  A nagaraja (D)
  2 dire elephants (D)
  4 ice dragons (D)
  2 hydras (D)
  A naga warrior (D)
  Erica (D)
  A centaur warrior (D)
  An anaconda (D)
  4 death yaks (D)
  Urug (D)
  A shadow wraith (D)
  2 skeletal warriors (D)
  A spriggan druid (D)
  An unseen horror (D)
  A lindwurm (D)
  An obsidian statue (D)
  2 crystal guardians (D)
  An orc sorcerer (D)
  A deep elf mage (D)
  6 black mambas (D)
  2 elephants (D)
  4 statues (D)
  A guardian serpent (D)
  2 spiny frogs (D)
  Duvessa (D)
  A rime drake (D)
  A komodo dragon (D)
  A queen bee (D)
  3 wandering mushrooms (D)
  2 tyrant leeches (D)
  A hornet (D)
  8 blink frogs (D)
  2 orc high priests (D)
  3 redbacks (D)
  2 spriggans (D)
  A shadow (D)
  7 water moccasins (D)
  2 nagas (D)
  A spatial vortex (D)
  3 hydra simulacra (D)
  An orc warrior (D)
  A swamp drake (D)
  A necrophage (D)
  A black mamba simulacrum (D)
  2 centaurs (D)
  An earth elemental (D)
  A water elemental (D)
  32 killer bees (D)
  An electric eel (D)
  A jelly (D)
  3 orc priests (D)
  A wizard (D)
  Jessica (D)
  A necromancer (D)
  A wolf simulacrum (D)
  3 humans (D)
  A kobold demonologist (D)
  5 adders (D)
  An ooze (D)
  2 swamp drake simulacra (D)
  A phantom (D)
  2 orcs (D)
  2 rats (D)
  3 ballistomycetes (D)
155 creatures vanquished.

Vanquished Creatures (collateral kills)
  A mummy priest (D)
  An orc high priest (D)
  A death drake (D)
  2 crystal guardians (D)
  An orc sorcerer (D)
  2 hornets (D)
  3 orc priests (D)
  2 orc wizards (D)
  6 orcs (D)
19 creatures vanquished.

Vanquished Creatures (others)
  2 draconian scorchers (D)
  A hydra (D)
  3 yaktaurs (D)
  6 hellions (D)
  3 ball lightnings (D)
  2 ballistomycetes (D)
  5 ballistomycete spores (D)
  21 plants (D)
43 creatures vanquished.

Grand Total: 217 creatures vanquished

Notes
Turn   | Place    | Note
-------+----------+-------------------------------------------
     0 | D        | wojtek the Minotaur Berserker began the quest for the Orb.
     0 | D        | Reached XP level 1. HP: 19/19 MP: 0/0
     4 | D        | Reached skill level 4 in Axes
     9 | D        | Noticed Jessica
    10 | D        | Reached ** piety under Trog
    14 | D        | Killed Jessica
    14 | D        | Reached skill level 5 in Axes
    14 | D        | Reached XP level 2. HP: 28/28 MP: 1/1
    14 | D        | Reached XP level 3. HP: 35/35 MP: 2/2
    46 | D        | Reached skill level 5 in Fighting
    46 | D        | Reached skill level 6 in Axes
   102 | D        | Killed a hellion
   104 | D        | Killed a hellion
   104 | D        | Killed a hellion
   105 | D        | Killed a hellion
   118 | D        | Killed a hellion
   120 | D        | Killed a hellion
   124 | D        | Reached *** piety under Trog
   134 | D        | Killed a white draconian scorcher
   160 | D        | Noticed a water elemental
   164 | D        | Killed a water elemental
   164 | D        | Reached skill level 7 in Axes
   164 | D        | Reached skill level 5 in Armour
   164 | D        | Reached skill level 5 in Dodging
   164 | D        | Reached XP level 4. HP: 44/44 MP: 3/3
   179 | D        | Killed a white draconian scorcher
   250 | D        | Found a radiant altar of Vehumet.
   251 | D        | Found a deep blue altar of Sif Muna.
   251 | D        | Found an ancient bone altar of Kikubaaqudgha.
   251 | D        | Noticed a wizard
   253 | D        | Killed a wizard
   253 | D        | Reached skill level 8 in Axes
   253 | D        | Reached XP level 5. HP: 51/51 MP: 4/4
   256 | D        | Reached **** piety under Trog
   287 | D        | Killed a yaktaur
   308 | D        | Found a glowing silver altar of Zin.
   309 | D        | Found a glowing golden altar of the Shining One.
   309 | D        | Found a white marble altar of Elyvilon.
   309 | D        | Noticed a deep elf mage
   320 | D        | Killed a deep elf mage
   320 | D        | Reached ***** piety under Trog
   320 | D        | Reached skill level 11 in Axes
   320 | D        | Reached XP level 6. HP: 49/62 MP: 5/5
   320 | D        | Reached XP level 7. HP: 54/69 MP: 6/6
   389 | D        | Found a hide-covered altar of Uskayaw.
   389 | D        | Found an iron altar of Okawaru.
   390 | D        | Found a roughly hewn altar of Beogh.
   390 | D        | Found a bloodstained altar of Trog.
   390 | D        | Found an ornate altar of the Wu Jian Council.
   390 | D        | Noticed a human
   390 | D        | Noticed a human
   394 | D        | Killed a human
   394 | D        | Reached skill level 12 in Axes
   398 | D        | Killed a human
   398 | D        | Received a gift from Trog
   471 | D        | Found a shadowy altar of Dithmenos.
   474 | D        | Reached skill level 13 in Axes
   478 | D        | Found a basalt altar of Yredelemnul.
   478 | D        | Found a sacrificial altar of Ru.
   494 | D        | Noticed a shadow
   499 | D        | Reached skill level 10 in Fighting
   500 | D        | Killed a shadow
   500 | D        | Reached XP level 8. HP: 32/79 MP: 7/7
   568 | D        | Killed a yaktaur
   667 | D        | Killed a seven-headed hydra
   735 | D        | Found a blossoming altar of Fedhas.
   735 | D        | Found a stormy altar of Qazlal.
   736 | D        | Found a snail-covered altar of Cheibriados.
   736 | D        | Found a burning altar of Makhleb.
   736 | D        | Found a hazy altar of Hepliaklqana.
   736 | D        | Found a shimmering altar of Xom.
   736 | D        | Found an opulent altar of Gozag.
   736 | D        | Found a sparkling altar of Nemelex Xobeh.
   736 | D        | Found a corrupted altar of Lugonu.
   736 | D        | Found a viscous altar of Jiyva.
   743 | D        | Reached skill level 10 in Armour
   771 | D        | Noticed Erica
   780 | D        | Killed a yaktaur
   789 | D        | Killed Erica
   789 | D        | Received a gift from Trog
   789 | D        | Reached skill level 14 in Axes
   789 | D        | Reached skill level 10 in Dodging
  1180 | D        | Reached XP level 9. HP: 89/89 MP: 2/8
  1192 | D        | Noticed a hellwing
  1195 | D        | Noticed an orc sorcerer
  1202 | D        | Killed an orc sorcerer
  1202 | D        | Reached skill level 15 in Axes
  1203 | D        | Received a gift from Trog
  1205 | D        | Noticed an orc sorcerer
  1207 | D        | Noticed an orc high priest
  1207 | D        | Killed an orc sorcerer
  1208 | D        | Found Weleple's Antique Armour Emporium.
  1209 | D        | Received a gift from Trog
  1218 | D        | Noticed a soul eater
  1223 | D        | Killed an orc high priest
  1223 | D        | Reached skill level 16 in Axes
  1302 | D        | Bought a runed plate armour for 650 gold pieces
  1315 | D        | Bought a glowing scarf for 200 gold pieces
  1559 | D        | Noticed a centaur warrior
  1562 | D        | Killed a centaur warrior
  1565 | D        | Reached XP level 10. HP: 86/100 MP: 7/9
  1624 | D        | Killed an unseen horror
  1624 | D        | Reached skill level 17 in Axes
  1711 | D        | Reached ****** piety under Trog
  1711 | D        | Received a gift from Trog
  1745 | D        | Received a gift from Trog
  1889 | D        | Received a gift from Trog
  1898 | D        | Reached skill level 18 in Axes
  1927 | D        | Received a gift from Trog
  2013 | D        | Noticed a spiny frog
  2013 | D        | Noticed a spiny frog
  2015 | D        | Killed a spiny frog
  2017 | D        | Killed a spiny frog
  2020 | D        | Received a gift from Trog
  2032 | D        | Received a gift from Trog
  2032 | D        | Reached skill level 19 in Axes
  2032 | D        | Reached XP level 11. HP: 90/111 MP: 10/10
  2373 | D        | Noticed Rupert
  2374 | D        | Paralysed by Rupert for 3 turns
  2380 | D        | Killed Rupert
  2380 | D        | Received a gift from Trog
  2414 | D        | Reached skill level 15 in Fighting
  2420 | D        | Reached skill level 20 in Axes
  2421 | D        | Noticed Gastronok
  2435 | D        | Noticed a dire elephant
  2441 | D        | Killed Gastronok
  2441 | D        | Reached skill level 15 in Armour
  2447 | D        | Killed a dire elephant
  2690 | D        | Noticed a dire elephant
  2702 | D        | Killed a dire elephant
  2779 | D        | Noticed an azure jelly
  2779 | D        | Noticed an azure jelly
  2779 | D        | Noticed an azure jelly
  2780 | D        | Noticed an azure jelly
  2794 | D        | Noticed a death yak
  2804 | D        | Killed a death yak
  2804 | D        | Reached skill level 21 in Axes
  2805 | D        | Noticed a death yak
  2805 | D        | Noticed a death yak
  2806 | D        | Noticed a death yak
  2816 | D        | Killed a death yak
  2824 | D        | Killed a death yak
  2824 | D        | Reached XP level 12. HP: 73/122 MP: 1/11
  2828 | D        | Killed a death yak
  2828 | D        | Reached skill level 15 in Dodging
  2830 | D        | Received a gift from Trog
  3124 | D        | Received a gift from Trog
  3124 | D        | Reached skill level 22 in Axes
  3247 | D        | Received a gift from Trog
  3266 | D        | Noticed an anaconda
  3272 | D        | Killed an anaconda
  3344 | D        | Noticed a naga warrior
  3344 | D        | Noticed a nagaraja
  3362 | D        | Received a gift from Trog
  3375 | D        | Killed a nagaraja
  3383 | D        | HP: 6/125 [poisoned by a nagaraja (poison arrow)]
  3388 | D        | HP: 6/125 [poisoned by a nagaraja (poison arrow)]
  3394 | D        | HP: 6/125 [poisoned by a nagaraja (poison arrow)]
  3799 | D        | Found Ojeenwan's Magic Scroll Boutique.
  3799 | D        | Found Foahifed's Antique Weapon Emporium.
  3803 | D        | Found Ucvan's Gadget Shop.
  3817 | D        | Killed a naga warrior
  3921 | D        | Got a serpentine rune of Zot
  4037 | D        | Received a gift from Trog
  4275 | D        | Reached skill level 23 in Axes
  4382 | D        | Noticed Urug
  4390 | D        | Killed Urug
  4446 | D        | Noticed a seven-headed hydra
  4446 | D        | Noticed a four-headed hydra
  4457 | D        | Killed an 11-headed hydra
  4460 | D        | Killed a seven-headed hydra
  4460 | D        | Received a gift from Trog
  4772 | D        | Found a blossoming altar of Fedhas.
  4781 | D        | Reached XP level 13. HP: 134/134 MP: 12/12
  4856 | D        | Received a gift from Trog
  4859 | D        | Got a twisted battleaxe {god gift}
  4944 | D        | Identified the +8 battleaxe of the Shark {chop, Int+4} (Trog gifted it to you in the Dungeon)
  5493 | D        | Found Geubomour's Distillery.
  5493 | D        | Found Ostru's Antique Armour Shop.
  5493 | D        | Found Umnobist's Gadget Shoppe.
  5523 | D        | Got a decaying rune of Zot
  5693 | D        | Received a gift from Trog
  5709 | D        | Got a twisted battleaxe {god gift}
  5719 | D        | Identified the +1 battleaxe of the Beginning {drain, rN+ Int+2} (Trog gifted it to you in the Dungeon)
  5852 | D        | Noticed Dowan
  5852 | D        | Noticed Duvessa
  5862 | D        | Killed Dowan
  5862 | D        | Reached skill level 24 in Axes
  5866 | D        | Killed Duvessa
  5958 | D        | Received a gift from Trog
  6038 | D        | Found Vaohid's Food Emporium.
  6038 | D        | Found Iwiqairr's General Store.
  6038 | D        | Found Fiuzas's Distillery.
  6038 | D        | Found Dainnapath's Antique Armour Shoppe.
  6038 | D        | Found Fiuc Hot's General Store.
  6038 | D        | Found Nafut's Jewellery Emporium.
  6038 | D        | Found Imosin's Distillery.
  6038 | D        | Found Rat Homp's Gadget Shop.
  6038 | D        | Found Ypruxicerua's Magic Scroll Shop.
  6038 | D        | Found Nocre's Antique Armour Emporium.
  6038 | D        | Found Icvefe's Book Emporium.
  6038 | D        | Found Povvy's Antique Weapon Boutique.
  6072 | D        | Bought a potion of curing for 42 gold pieces
  6081 | D        | Bought a pair of heavily runed gloves for 171 gold pieces
  6083 | D        | Bought the +2 hat of the Bear Spirit {Spirit, +Rage rN+ MR++} for 821 gold pieces
  6083 | D        | Found the +2 hat of the Bear Spirit {Spirit, +Rage rN+ MR++}
  6100 | D        | Identified the +0 pair of gloves of Space {rC+} (You bought it in a shop in the Dungeon)
  6241 | D        | Received a gift from Trog
  6292 | D        | Noticed a mummy priest
  6302 | D        | Killed a mummy priest
  6303 | D        | Noticed a reaper
  6409 | D        | Received a gift from Trog
  6629 | D        | Reached skill level 25 in Axes
  6631 | D        | Found Tyofivuhu's Distillery.
  6632 | D        | Found Laobrist's Armour Shoppe.
  6632 | D        | Found Alyatz's Distillery.
  6632 | D        | Found Wegez's Armour Emporium.
  6902 | D        | Noticed Nikola
  6902 | D        | Noticed a storm dragon
  6914 | D        | Slain by Nikola

Skill      XL: |  1  2  3  4  5  6  7  8  9 10 11 12 13 |
---------------+----------------------------------------+-----
Fighting       | 4 6 8 10 11 12 14 16 17 19 | 19.0
Axes           | 5 7 8 11 13 14 16 19 21 23 25 | 25.0
Armour         | 4 5 8 9 11 12 14 16 17 18 | 18.9
Dodging        | 3 5 7 9 10 11 13 14 16 17 | 17.6

Action                   |  1- 3 |  4- 6 |  7- 9 | 10-12 | 13-15 || total
-------------------------+-------+-------+-------+-------+-------++-------
Melee: Hand axe          |    18 |     7 |     7 |       |       ||    32
       Headbutt          |     1 |       |    17 |    70 |    28 ||   116
       War axe           |       |       |    23 |       |       ||    23
       Broad axe         |       |       |    16 |       |       ||    16
       Battleaxe         |       |       |     5 |   200 |   116 ||   321
       Executioner's axe |       |       |       |   133 |       ||   133
Invok: Berserk           |     2 |     1 |     4 |     4 |       ||    11
       Burn Spellbooks   |       |     1 |       |       |       ||     1
       Brothers in Arms  |       |       |     2 |     2 |     4 ||     8
  Use: Potion            |       |       |       |     1 |       ||     1
 Stab: Distracted        |       |       |       |     1 |       ||     1
  Eat: Chunk             |       |     1 |     8 |    12 |     2 ||    23
       Ration            |       |       |       |     1 |     2 ||     3
Armor: Animal skin       |     1 |     2 |     2 |       |       ||     5
       Plate armour      |       |       |     2 |   156 |    43 ||   201
       Ice dragon scales |       |       |       |       |     7 ||     7
Dodge: Dodged            |    13 |     1 |    21 |   171 |    56 ||   262
